 Dungeon Crawl Stone Soup version 0.21.1-35-gfefc1aa2bb (webtiles) character file.

6593 Fames the Slicer (level 10, -1/90 HPs)
             Began as a Minotaur Berserker on July 31, 2018.
             Was a High Priest of Trog.
             Splashed by a lich's acid (13 damage)
             ... on level 1 of the Abyss.
             The game lasted 00:37:12 (9101 turns).

Fames the Slicer (Minotaur Berserker)               Turns: 9101, Time: 00:37:14

Health: -1/90      AC: 12    Str: 25    XL:     10   Next: 71%
Magic:  9/9        EV: 11    Int:  4    God:    Trog [*****.]
Gold:   582        SH:  7    Dex: 10    Spells: 9/9 levels left

rFire    . . .     SeeInvis .   k - +2 short sword (flame)
rCold    . . .     Gourm    .   l - +2 buckler
rNeg     . . .     Faith    .   w - +0 chain mail
rPois    .         Spirit   .   (helmet restricted)
rElec    .         Reflect  .   y - +0 cloak
rCorr    .         Harm     .   n - +0 pair of gloves
MR       .....                  o - +0 pair of boots
Stlth    ..........             v - amulet of rage
HPRegen  0.25/turn              (no ring)
MPRegen  0.11/turn              (no ring)

@: corroded, berserk cooldown, slowed, very slow
A: retaliatory headbutt, horns 2
a: Berserk, Trog's Hand, Brothers in Arms, Burn Spellbooks, Renounce Religion,
Evoke Berserk Rage


You were on level 1 of the Abyss.
You worshipped Trog.
Trog was extremely pleased with you.
You were not hungry.

You visited 1 branch of the dungeon, and saw 9 of its levels.
You visited the Abyss 1 time.

You collected 582 gold pieces.

Inventory:

Hand Weapons
 k - a +2 short sword of flaming (weapon)
Armour
 l - a +2 buckler (worn)
 n - a +0 pair of gloves (worn)
 o - a +0 pair of boots (worn)
 w - a +0 chain mail (worn)
 y - a +0 cloak (worn)
Jewellery
 v - an amulet of rage (around neck)
Wands
 u - a wand of disintegration (10)
 z - a wand of paralysis (19)
 B - a wand of digging (17)
 E - a wand of random effects (26)
 G - a wand of flame (34)
Scrolls
 e - 2 scrolls of immolation
 f - 6 scrolls of fog {unknown}
 h - 9 scrolls of identify
 i - 3 scrolls of amnesia {unknown}
 j - 4 scrolls of teleportation {unknown}
 m - 2 scrolls of fear
 p - 3 scrolls of enchant armour {unknown}
 r - a scroll of remove curse
 s - a scroll of blinking {unknown}
 x - a scroll of summoning {unknown}
 D - 2 scrolls of vulnerability {unknown}
 F - a scroll of enchant weapon {unknown}
 I - a scroll of magic mapping {unknown}
Potions
 a - 2 potions of heal wounds {unknown}
 b - 6 potions of curing
 d - 3 potions of invisibility {unknown}
 g - 2 potions of lignification {unknown}
 q - 2 potions of brilliance {unknown}
 t - a potion of ambrosia {unknown}
 A - 2 potions of agility {unknown}
 C - a potion of resistance {unknown}
 H - a potion of degeneration {unknown}
 J - a potion of cancellation {unknown}
Comestibles
 c - 14 rations


   Skills:
 + Level 8.8 Fighting
 + Level 11.0 Short Blades
 + Level 10.7 Armour
 + Level 6.1 Dodging
 + Level 1.1 Stealth
 + Level 5.4 Shields
 + Level 0.3 Evocations


You had 9 spell levels left.
You didn't know any spells.

Dungeon Overview and Level Annotations

Branches:
Dungeon (9/15)             Temple (0/1) D:6
   Lair: D:8-11         Orc: D:9-12

Altars:
Ashenzari
Dithmenos
Fedhas
Hepliaklqana
Kikubaaqudgha
Makhleb
Ru
Wu Jian
Yredelemnul
Zin
Beogh

Shops:
D:6 =   D:7 =

Portals:
Ossuary: D:7

Annotations:
D:9 Erolcha


Innate Abilities, Weirdness & Mutations

You reflexively headbutt those who attack you in melee.
You have a pair of horns on your head.


Message History

The lich touches you!
The lich touches you but does no damage.
The lich touches you but does no damage.
The lich touches you.
You are no longer berserk.
You feel yourself slow down.
The lich gestures at you while chanting.
The crystal spear hits you!
Ouch! That really hurt!
The lich touches you but does no damage. x2
You turn to flesh and can move again.
You're still recovering from your berserk rage.
You hit the lich but do no damage. The lich touches you.
You closely miss the lich.
You headbutt the lich, but do no damage.
The lich casts a spell at you. The bolt of acid hits you!
* * * LOW HITPOINT WARNING * * *
The acid corrodes you!
You are splashed with acid!
The acid burns!
You die...

.# . ....... .. # ##
.. ####...# . .. .
#. #.#...#...## ###.
#.#... #.#..# ## #
.. .# ##...##..#.#
.#.. . # #
#....#...##.#.#.
#....ยง..........##.
# # ##.#.#..L.....#
...# .. ...##.##@#.#
..##. .
.#..#.#....###.. #
...# ##......#....#
. ..# # .
#...#.#..#..## # .
... ...#.# ####...#
# # . . #. #.## ##
## . .# .. .# . .
..# # . .#


You could see a lich.

Vanquished Creatures
  Pikel (D:9)
  2 smoke demons (Abyss:1)
  A raiju (Abyss:1)
  Prince Ribbit (D:6)
  2 hippogriffs
  A wraith (Abyss:1)
  A large abomination (Abyss:1)
  3 orc warriors (D:8)
  2 sky beasts
  The ghost of Gargoyl the Skirmisher, an amateur CeAK of Lugonu (D:3)
  8 ogres
  3 centaurs
  2 big kobolds (D:7)
  3 bullfrogs
  2 small abominations (Abyss:1)
  5 scorpions
  A water moccasin skeleton (D:9)
  9 killer bees
  5 wights (D:8)
  4 howler monkeys
  3 crimson imps
  5 starcursed masses (Abyss:1)
  3 hounds
  2 orc priests (D:8)
  3 bullfrog skeletons
  3 orc wizards
  4 worker ants
  2 hound zombies
  2 hound skeletons
  A howler monkey zombie (D:8)
  2 worker ant zombies
  8 gnolls
  16 adders
  A river rat (D:6)
  A shadow imp (D:6)
  An ooze (D:1)
  2 adder zombies
  An adder skeleton (D:6)
  4 worms
  2 dart slugs (D:4)
  4 leopard geckos
  45 orcs
  6 bats
  6 giant cockroaches
  15 goblins
  7 hobgoblins
  4 jackals
  A quokka (D:6)
  9 frilled lizards
  2 jackal zombies
  21 kobolds
  A leopard gecko skeleton (D:5)
  17 rats
  A withered plant (D:7)
262 creatures vanquished.

Vanquished Creatures (others)
  A slave (D:9)
1 creature vanquished.

Grand Total: 263 creatures vanquished

Notes
Turn   | Place    | Note
-------+----------+-------------------------------------------
     0 | D:1      | Fames the Minotaur Berserker began the quest for the Orb.
     0 | D:1      | Reached XP level 1. HP: 19/19 MP: 0/0
   113 | D:1      | Reached XP level 2. HP: 27/27 MP: 1/1
   757 | D:2      | Reached skill level 4 in Short Blades
   757 | D:2      | Reached XP level 3. HP: 17/33 MP: 2/2
   764 | D:2      | Reached ** piety under Trog
   766 | D:2      | Reached XP level 4. HP: 32/41 MP: 3/3
  1168 | D:2      | Noticed a bullfrog
  1637 | D:2      | Reached XP level 5. HP: 47/47 MP: 4/4
  1959 | D:2      | Found a burning altar of Makhleb.
  1967 | D:2      | Reached skill level 5 in Short Blades
  2116 | D:3      | Noticed an ogre
  2137 | D:2      | HP: 1/47 [ogre/giant club (10)]
  2164 | D:2      | Killed an ogre
  2164 | D:2      | Reached skill level 5 in Fighting
  2164 | D:2      | Reached XP level 6. HP: 9/56 MP: 5/5
  2556 | D:3      | Reached *** piety under Trog
  2664 | D:3      | Noticed Gargoyl's ghost (amateur CeAK)
  2681 | D:3      | Killed Gargoyl's ghost
  2953 | D:4      | Reached skill level 5 in Armour
  3264 | D:4      | Reached skill level 6 in Short Blades
  3264 | D:4      | Reached XP level 7. HP: 55/61 MP: 6/6
  3426 | D:4      | You fall through a shaft!
  3426 | D:5      | Entered Level 5 of the Dungeon
  3762 | D:5      | Reached **** piety under Trog
  3839 | D:5      | Found a hazy altar of Hepliaklqana.
  4154 | D:5      | Found a shattered altar of Ashenzari.
  4197 | D:5      | Found an ornate altar of the Wu Jian Council.
  4420 | D:6      | Reached XP level 8. HP: 40/70 MP: 7/7
  4608 | D:6      | Reached skill level 7 in Short Blades
  4892 | D:6      | Found a basalt altar of Yredelemnul.
  4911 | D:6      | Noticed Prince Ribbit
  4948 | D:6      | Reached skill level 1 in Stealth
  5049 | D:6      | Found a glowing drain.
  5130 | D:6      | Reached skill level 8 in Short Blades
  5146 | D:6      | Reached skill level 1 in Shields
  5541 | D:6      | Found Noygo's Jewellery Shop.
  5625 | D:6      | Found a staircase to the Ecumenical Temple.
  5651 | D:6      | Killed Prince Ribbit
  5651 | D:6      | Reached ***** piety under Trog
  5651 | D:6      | Reached XP level 9. HP: 59/78 MP: 8/8
  6138 | D:7      | Reached skill level 5 in Dodging
  6163 | D:7      | Found an ancient bone altar of Kikubaaqudgha.
  6179 | D:7      | Found a blossoming altar of Fedhas.
  6306 | D:7      | Found Takiatso's Jewellery Shoppe.
  6442 | D:7      | Found a sacrificial altar of Ru.
  6500 | D:7      | Found a sand-covered staircase.
  6701 | D:8      | Reached skill level 9 in Short Blades
  6955 | D:8      | Received a gift from Trog
  7398 | D:8      | Found a shadowy altar of Dithmenos.
  7676 | D:8      | Found a glowing silver altar of Zin.
  7936 | D:8      | Reached XP level 10. HP: 88/88 MP: 9/9
  7943 | D:8      | Found a roughly hewn altar of Beogh.
  7961 | D:8      | Reached skill level 10 in Short Blades
  8242 | D:9      | Noticed Pikel
  8252 | D:9      | Killed Pikel
  8252 | D:9      | Reached skill level 10 in Armour
  8358 | D:9      | Noticed Erolcha
  8371 | D:9      | Cast into level 1 of the Abyss (Erolcha)
  8371 | Abyss:1  | Found a corrupted altar of Lugonu.
  8380 | Abyss:1  | Noticed a starcursed mass
  8406 | Abyss:1  | Paralysed by accursed screaming for 1 turns
  8415 | Abyss:1  | Killed a starcursed mass
  8421 | Abyss:1  | Killed a starcursed mass
  8421 | Abyss:1  | Reached skill level 5 in Shields
  8422 | Abyss:1  | Killed a starcursed mass
  8643 | Abyss:1  | Noticed a smoke demon
  8663 | Abyss:1  | Killed a smoke demon
  8768 | Abyss:1  | Noticed a smoke demon
  8785 | Abyss:1  | Killed a smoke demon
  8928 | Abyss:1  | Reached skill level 11 in Short Blades
  9082 | Abyss:1  | Noticed a lich
  9101 | Abyss:1  | Splashed by a lich's acid

Skill      XL: |  1  2  3  4  5  6  7  8  9 10 |
---------------+-------------------------------+-----
Fighting       | 4 5 6 7 8 |  8.8
Short Blades   | 4 5 6 8 9 11 | 11.0
Armour         | 3 4 5 6 8 9 10 | 10.7
Dodging        | 3 4 5 6 |  6.1
Stealth        | 1 |  1.1
Shields        | 1 4 5 |  5.4
Evocations     | |  0.3

Action                   |  1- 3 |  4- 6 |  7- 9 | 10-12 || total
-------------------------+-------+-------+-------+-------++-------
Melee: Short sword       |    51 |   170 |   482 |   169 ||   872
       Headbutt          |     6 |    23 |   101 |    53 ||   183
Invok: Berserk           |     1 |     1 |       |     3 ||     5
Evoke: Wand              |       |       |       |     4 ||     4
  Use: Scroll            |       |       |     8 |     1 ||     9
  Eat: Chunk             |       |     9 |    11 |     2 ||    22
       Ration            |       |       |     1 |     2 ||     3
Armor: Ring mail         |    15 |    30 |       |       ||    45
       Scale mail        |       |    18 |     3 |       ||    21
       Chain mail        |       |       |   171 |    59 ||   230
Dodge: Dodged            |    29 |    83 |   128 |    45 ||   285
Block: Buckler           |       |       |    74 |    29 ||   103
